 Dungeon Crawl Stone Soup version 0.19.5 (webtiles) character file.

24752 Peloso the Fencer (level 12, -12/108 HPs)
             Began as a Minotaur Fighter on May 20, 2017.
             Was the Champion of Okawaru.
             Mangled by an ettin
             ... wielding a +0 dire flail
              (21 damage)
             ... on level 12 of the Dungeon.
             The game lasted 00:39:39 (13101 turns).

Peloso the Fencer (Minotaur Fighter)               Turns: 13101, Time: 00:39:44

Health: -12/108    AC: 17    Str: 24    XL:     12   Next: 83%
Magic:  11/11      EV:  9    Int:  5    God:    Okawaru [******]
Gold:   767        SH: 15    Dex: 16    Spells: 0 memorised, 11 levels left

rFire  + . .     SeeInvis .     O - +1 demon blade (venom)
rCold  . . .     Gourm    .     H - +0 plate armour
rNeg   . . .     Faith    .     c - +1 shield
rPois  .         Spirit   .     (helmet restricted)
rElec  .         Reflect  .     (no cloak)
rCorr  .         Harm     .     D - +1 pair of gloves
MR     .....                    (no boots)
Stlth  ..........               (no amulet)
                                l - ring of protection from fire
                                u - +4 ring of dexterity

@: no status effects
A: retaliatory headbutt, horns 2
a: Heroism, Finesse, Renounce Religion


You were on level 12 of the Dungeon.
You worshipped Okawaru.
Okawaru was exalted by your worship.
You were hungry.

You visited 3 branches of the dungeon, and saw 15 of its levels.
You also visited: Bailey.

You collected 767 gold pieces.

Inventory:

Hand Weapons
 a - a +7 long sword of holy wrath
 b - the +7 dire flail of Zuniagh {crush, +Blink rC+ rN+, unknown}
   (You found it on level 9 of the Dungeon)

   It inflicts extra damage upon your enemies.
   It protects you from cold.
   It protects you from negative energy.
   It lets you blink.
 y - a +3 vampiric double sword
 O - a +1 demon blade of venom (weapon)
Armour
 c - a +1 shield (worn)
 D - a +1 pair of gloves (worn)
 H - a +0 plate armour (worn)
Jewellery
 l - a ring of protection from fire (right hand)
 u - a +4 ring of dexterity (left hand)
Wands
 e - a wand of lightning (0/15)
Scrolls
 m - 3 scrolls of fog
 t - 8 scrolls of teleportation
 P - 2 scrolls of blinking
 R - a scroll of fear
Potions
 d - 3 potions of might
 k - 7 potions of curing
 q - 3 potions of resistance
 v - a potion of haste
 z - 7 potions of heal wounds {unknown}
 E - 3 potions of magic {unknown}
 F - a potion of flight {unknown}
 S - a potion of beneficial mutation {unknown}
Comestibles
 f - 6 bread rations
 h - 6 meat rations
 i - a slice of pizza
 p - 8 royal jellies
 J - 3 beef jerkies
 Q - 16 fruits


   Skills:
 + Level 10.9 Fighting
 + Level 15.5 Long Blades
 + Level 10.8 Armour
 + Level 4.6 Dodging
 + Level 1.7 Stealth
 + Level 13.3 Shields
 + Level 0.8 Invocations


You had 11 spell levels left.
You didn't know any spells.

Dungeon Overview and Level Annotations

Branches:
Dungeon (12/15)            Temple (1/1) D:4            Lair (2/6) D:8
    Orc (0/2) D:10
  Swamp: Lair:2-4    Shoals: Lair:2-4     Snake: Lair:2-4    Spider: Lair:2-4

Altars:
Ashenzari
Cheibriados
Dithmenos
Elyvilon
Fedhas
Gozag
Hepliaklqana
Kikubaaqudgha
Makhleb
Nemelex Xobeh
Okawaru
Qazlal
Ru
Sif Muna
Trog
Uskayaw
Vehumet
Xom
Yredelemnul
Zin
The Shining One

Shops:
D:4 %


Innate Abilities, Weirdness & Mutations

You reflexively headbutt those who attack you in melee.
You have a pair of horns on your head.


Message History

Your +1 demon blade of venom begins to drip with poison!
O - a +1 demon blade of venom (weapon)
You climb downwards.
You block the bullfrog zombie's attack. The ettin barely misses you.
The ettin hits you with a dire flail of crushing!!!
The bullfrog zombie barely misses you. You furiously retaliate!
You headbutt the bullfrog zombie!
The cyclops throws a large rock.
The large rock closely misses you. The ettin hits you with a dire flail!!
The ettin hits you with a dire flail of crushing.
The deep elf mage mumbles some strange words.
The deep elf mage blinks!
There is a stone staircase leading up, spattered with blood here.
You see here a large rock.
The bullfrog zombie closely misses you. You furiously retaliate!
You headbutt the bullfrog zombie!
The cyclops throws a large rock.
The large rock hits you!!
* * * LOW HITPOINT WARNING * * *
The ettin closely misses you. You furiously retaliate!
You headbutt the ettin!
The ettin hits you with a dire flail of crushing!!
You die...

#. ..#
###.#####..#
..........#
#..C......####
#............
#...........
#.........#
#.........#
#.Z@......#
####..#...C.....#
.....#..(......#
....#......e..#
#...#..ยง......#
#...#.........#
#...#.........#
#...#.........#
#.#
#.....#.#.#...#


You could see an ettin, a cyclops, a deep elf mage and a bullfrog zombie.

Vanquished Creatures
  An orc warlord (Bailey)
  Harold (D:10)
  An unseen horror (D:12)
  2 orc knights (Bailey)
  3 hill giants
  An ugly thing (D:12)
  The ghost of coier the Magician, a novice DEFE of Vehumet (D:5)
  Psyche (D:10)
  Joseph (D:7)
  2 spiny frogs
  A gargoyle (D:10)
  A komodo dragon (Lair:1)
  2 polar bears (D:10)
  2 trolls (D:10)
  Grinder (D:5)
  3 hornets
  4 hippogriffs
  A meliai zombie (D:10)
  A shadow (D:12)
  A vampire (D:12)
  23 yaks
  A wyvern (D:9)
  Grum (D:10)
  2 hungry ghosts
  A steam dragon (D:8)
  A mottled dragon (D:12)
  Menkaure (D:5)
  A warg (Lair:1)
  Edmund (D:4)
  3 water moccasins
  2 soldier ants (D:10)
  19 orc warriors
  3 sky beasts
  4 ice beasts
  3 black bears
  3 phantoms
  9 ogres
  11 wolves
  5 centaurs
  5 crocodiles
  2 big kobolds
  8 bullfrogs
  6 gnoll sergeants (D:10)
  2 scorpions
  A water moccasin skeleton (D:8)
  9 killer bees
  A wight (D:9)
  2 electric eels (Lair:2)
  A howler monkey (D:10)
  2 vampire bats (D:6)
  6 crimson imps
  3 centaur zombies
  2 bullfrog skeletons
  8 hounds
  9 orc wizards
  A quasit (D:8)
  2 bullfrog zombies
  6 orc priests
  8 jellies
  2 centaur skeletons
  6 iguanas
  11 worker ants
  A killer bee zombie (D:9)
  2 bullfrog simulacra
  A hound skeleton (D:4)
  A howler monkey zombie (D:5)
  10 adders
  15 gnolls
  A white imp (D:9)
  2 ufetubi (D:10)
  An adder skeleton (D:4)
  3 worms
  A dart slug (D:2)
  5 leopard geckos
  60 orcs
  4 bat skeletons (D:6)
  2 bat zombies (D:6)
  10 giant cockroaches
  29 goblins
  22 hobgoblins
  14 jackals
  14 kobolds
  6 quokkas
  7 bats
  5 frilled lizards
  A jackal skeleton (D:3)
  8 rats
453 creatures vanquished.

Vanquished Creatures (others)
  A plant (Lair:2)
1 creature vanquished.

Grand Total: 454 creatures vanquished

Notes
Turn   | Place    | Note
-------+----------+-------------------------------------------
     0 | D:1      | Peloso the Minotaur Fighter began the quest for the Orb.
     0 | D:1      | Reached XP level 1. HP: 19/19 MP: 0/0
    50 | D:1      | Reached XP level 2. HP: 27/27 MP: 1/1
   485 | D:2      | Reached XP level 3. HP: 33/33 MP: 2/2
   676 | D:2      | Found a deep blue altar of Sif Muna.
   686 | D:2      | Reached skill level 3 in Long Blades
   704 | D:2      | Reached XP level 4. HP: 22/40 MP: 3/3
   774 | D:2      | Found a basalt altar of Yredelemnul.
  1180 | D:3      | Found a shimmering altar of Xom.
  1306 | D:3      | Reached skill level 4 in Long Blades
  1306 | D:3      | Reached skill level 1 in Dodging
  1306 | D:3      | Reached XP level 5. HP: 46/46 MP: 4/4
  1515 | D:3      | Reached skill level 5 in Long Blades
  1985 | D:4      | Reached skill level 5 in Shields
  1985 | D:4      | Reached XP level 6. HP: 52/53 MP: 5/5
  2017 | D:4      | Found Ockaxywk's Food Emporium.
  2091 | D:4      | Found a staircase to the Ecumenical Temple.
  2149 | Temple   | Entered the Ecumenical Temple
  2553 | D:4      | Noticed Edmund
  2581 | D:4      | Killed Edmund
  2671 | D:4      | Reached skill level 6 in Long Blades
  2881 | D:5      | Entered Level 5 of the Dungeon
  2891 | D:4      | Reached skill level 5 in Armour
  2891 | D:4      | Reached XP level 7. HP: 42/60 MP: 6/6
  3032 | D:5      | Noticed coier's ghost (novice DEFE)
  3046 | D:5      | Killed coier's ghost
  3046 | D:5      | Reached skill level 5 in Fighting
  3046 | D:5      | Reached skill level 7 in Long Blades
  3226 | D:5      | Reached XP level 8. HP: 53/68 MP: 7/7
  3256 | D:5      | Noticed Menkaure
  3268 | D:5      | Killed Menkaure
  3332 | D:5      | Noticed Grinder
  3339 | D:5      | Killed Grinder
  3339 | D:5      | Reached skill level 8 in Long Blades
  4051 | D:6      | Found a burning altar of Makhleb.
  4051 | D:6      | Noticed an Executioner
  4054 | D:6      | Noticed an orange demon
  4054 | D:6      | Noticed an orange demon
  4132 | D:6      | Reached skill level 9 in Long Blades
  4231 | D:6      | Found an iron altar of Okawaru.
  4249 | D:6      | Became a worshipper of Warmaster Okawaru
  4557 | D:6      | Reached skill level 1 in Stealth
  4557 | D:6      | Reached XP level 9. HP: 60/75 MP: 8/8
  4705 | D:6      | Found an ancient bone altar of Kikubaaqudgha.
  4902 | D:6      | Reached * piety under Okawaru
  4902 | D:6      | Reached skill level 10 in Long Blades
  4983 | D:7      | Noticed Joseph
  5020 | D:7      | Killed Joseph
  5772 | D:6      | Found a hazy altar of Hepliaklqana.
  5853 | D:7      | Reached ** piety under Okawaru
  6414 | D:8      | Found a staircase to the Lair.
  6456 | D:8      | Identified a scroll of acquirement
  6589 | D:8      | Got an encrusted flail {crush}
  6602 | D:8      | Reached XP level 10. HP: 73/86 MP: 9/9
  6726 | D:8      | Found a radiant altar of Vehumet.
  6740 | D:8      | Reached skill level 11 in Long Blades
  6991 | D:9      | Reached *** piety under Okawaru
  7066 | D:9      | Reached skill level 10 in Shields
  7134 | D:9      | Got an ebony dire flail
  7476 | D:9      | Reached **** piety under Okawaru
  7688 | D:9      | Reached skill level 12 in Long Blades
  7782 | D:10     | Entered Level 10 of the Dungeon
  7938 | D:10     | Noticed Grum
  7951 | D:10     | Killed Grum
  7954 | D:10     | Found a sparkling altar of Nemelex Xobeh.
  7982 | D:10     | Noticed Harold
  8017 | D:10     | Killed Harold
  8017 | D:10     | Reached ***** piety under Okawaru
  8017 | D:10     | Reached XP level 11. HP: 30/94 MP: 10/10
  8341 | D:10     | Noticed a hill giant
  8350 | D:10     | Killed a hill giant
  8350 | D:10     | Reached skill level 13 in Long Blades
  8625 | D:10     | Noticed Psyche
  8639 | D:10     | Killed Psyche
  8660 | D:10     | Found a staircase to the Orcish Mines.
  9115 | D:10     | Received a gift from Okawaru
  9180 | D:10     | Reached ****** piety under Okawaru
  9180 | D:10     | Reached skill level 14 in Long Blades
  9548 | D:11     | Found a flagged portal.
  9581 | Bailey   | Entered a bailey
  9585 | Bailey   | Identified the +9 flail "Igenurin" {crush, *Noise Int+5 Dex+2} (You took it off an orc on level 8 of the Dungeon)
 10004 | Bailey   | Noticed an orc knight
 10004 | Bailey   | Noticed an orc warlord
 10004 | Bailey   | Noticed an orc knight
 10020 | Bailey   | Killed an orc knight
 10046 | Bailey   | Killed an orc warlord
 10046 | Bailey   | Reached XP level 12. HP: 56/106 MP: 11/11
 10063 | Bailey   | Received a gift from Okawaru
 10194 | D:11     | Reached skill level 15 in Long Blades
 10330 | D:11     | Identified the Collected Works on Quantum Evil Arts
 10609 | D:11     | Reached skill level 10 in Fighting
 11065 | Lair:1   | Entered Level 1 of the Lair of Beasts
 11133 | Lair:1   | Got a faintly humming large shield
 11144 | Lair:1   | Identified the cursed -3 large shield of the Shore {rElec rF+ rN++ Str-3} (You found it on level 1 of the Lair of Beasts)
 11150 | Lair:1   | Found a basalt altar of Yredelemnul.
 11689 | Lair:1   | Reached skill level 10 in Armour
 12037 | Lair:2   | Noticed a seven-headed hydra
 12533 | D:12     | Received a gift from Okawaru
 12807 | D:12     | Noticed an ettin
 13101 | D:12     | Mangled by an ettin

Skill      XL: |  1  2  3  4  5  6  7  8  9 10 11 12 |
---------------+-------------------------------------+-----
Armour         | 4 5 6 7 8 9 10 | 10.8
Shields        | 4 5 6 7 9 11 12 13 | 13.3
Fighting       | 4 5 6 7 8 9 10 | 10.9
Long Blades    | 3 4 5 6 7 9 10 12 14 15 | 15.5
Dodging        | 1 2 3 4 |  4.6
Stealth        | 1 |  1.7
Invocations    | |  0.8

Action                   |  1- 3 |  4- 6 |  7- 9 | 10-12 || total
-------------------------+-------+-------+-------+-------++-------
Melee: Long sword        |    83 |   158 |   340 |    62 ||   643
       Headbutt          |    14 |    29 |    75 |   224 ||   342
       Double sword      |       |       |    16 |   547 ||   563
       Demon blade       |       |       |       |   265 ||   265
Throw: Throwing net      |       |       |       |     1 ||     1
Invok: Heroism           |       |       |     1 |     3 ||     4
Evoke: Wand              |       |       |       |     4 ||     4
  Use: Potion            |       |       |     1 |     2 ||     3
       Scroll            |       |       |    17 |    13 ||    30
  Eat: Chunk             |       |     4 |    11 |    19 ||    34
       Fruit             |       |     1 |     1 |     3 ||     5
       Pizza             |       |       |     1 |       ||     1
       Beef jerky        |       |       |     2 |       ||     2
       Meat ration       |       |       |     1 |       ||     1
       Royal jelly       |       |       |       |     1 ||     1
Armor: Scale mail        |    45 |    65 |   136 |    31 ||   277
       Plate armour      |       |       |       |   241 ||   241
Dodge: Dodged            |    39 |    44 |   120 |   216 ||   419
Block: Shield            |    48 |    91 |   225 |   508 ||   872
       Large shield      |       |       |       |    69 ||    69
       Rpst.: Long sword |    11 |     6 |    25 |     4 ||    46
       Double sword      |       |       |     1 |    30 ||    31
       Demon blade       |       |       |       |    13 ||    13
